 Dungeon Crawl Stone Soup version 0.29.0-11-gd7f09526c8 (webtiles) character file.

Game seed: 11765038678068720058

30 smilodon the Trooper (level 3, -12/29 HPs)
             Began as a Demonspawn Fighter on Sept 6, 2022.
             Mangled by Crazy Yiuf
             ... wielding a +4 quarterstaff of chaos
              (18 damage)
             ... on level 3 of the Dungeon.
             The game lasted 00:02:16 (1740 turns).

smilodon the Trooper (Demonspawn Fighter)           Turns: 1740, Time: 00:02:24

Health: -12/29     AC: 10    Str: 15 (18) XL:     3   Next: 5%
Magic:  3/3        EV:  6    Int:  8 (9)  God:
Gold:   171        SH:  0    Dex:  9 (12) Spells: 2/2 levels left

rFire   . . .      SeeInvis .   a - +0 trident (elec)
rCold   . . .      Faith    .   (no shield)
rNeg    . . .      Spirit   .   n - +1 chain mail
rPois   .          Reflect  .   (helmet restricted)
rElec   .          Harm     .   (no cloak)
rCorr   .          Rampage  .   (no gloves)
Will    .....                   (no boots)
Stlth   ..........              (no amulet)
HPRegen 0.09/turn               (no ring)
MPRegen 0.08/turn               (no ring)

@: lethally poisoned (-12 -> -22)
A: antennae 1, demonic touch 1
a: no special abilities


You were on level 3 of the Dungeon.
You visited 1 branch of the dungeon, and saw 3 of its levels.

You collected 171 gold pieces.

Inventory:

Hand Weapons
 a - a +0 trident of electrocution (weapon)
 f - a +0 spear of venom
Armour
 b - a +0 scale mail
 c - a +0 buckler
 n - a +1 chain mail (worn)
Jewellery
 t - an amulet of the acrobat
Wands
 u - a wand of polymorph (4)
Scrolls
 g - a scroll of enchant armour
 o - 3 scrolls of blinking
 q - a scroll of fear
Potions
 d - a potion of might
 e - a potion of flight {unknown}
 h - a potion of brilliance {unknown}
 k - 3 potions of curing


   Skills:
 + Level 3.3 Fighting
 + Level 2.2 Polearms
 + Level 3.0 Armour
 + Level 3.0 Shields


You had 2 spell levels left.
You didn't know any spells.
Your spell library was empty.

Dungeon Overview and Level Annotations

Branches:
Dungeon (3/15)

Altars:

Annotations:
D:3 Crazy Yiuf


Innate Abilities, Weirdness & Mutations

You have a pair of small antennae on your head.
Your touch may inflict minor irresistible damage on your foes.


Message History

The rat bites you but does no damage.
You puncture the rat!
You kill the rat!
No target in view!
No target in view!
No target in view!
No target in view!
There is a stone staircase leading down here.
You open the door.
Found 7 stones.
There is an open door here.
e - a silvery potion
h - a sapphire potion You start removing your armour.
You continue taking off your +0 buckler. x4
You finish taking off your +0 buckler.
You drop a +0 buckler.
c - a +0 buckler You open the door.
There is an open door here.
Found 5 stones.
You see here 5 stones.
Found a scroll of poison.
You see here a scroll of poison.
Found a stone staircase leading down.
Found a runed translucent door.
Crazy Yiuf shouts!
Crazy Yiuf says, "Scoff!"
You open the door. You puncture Crazy Yiuf!
Crazy Yiuf is moderately wounded.
Crazy Yiuf hits you with a +4 quarterstaff of chaos.
You are poisoned.
You barely miss Crazy Yiuf.
Crazy Yiuf is moderately wounded.
You feel very sick.
Crazy Yiuf hits you with a +4 quarterstaff of chaos!
* * * LOW HITPOINT WARNING * * *
You are electrocuted!!
Ouch! That really hurt!
You die...

.......##....(# ..
###.##.#######
>..+.............
...###.?#########
......### ......#
......###### ###
........#.P## ###..)#
######......####@g...#
##......#..##...#
###.P.#.### ###
#######


You could see Crazy Yiuf.

Vanquished Creatures
  An adder (D:2)
  A ball python (D:1)
  2 endoplasms
  3 hobgoblins
  3 jackals (D:1)
  2 kobolds (D:1)
  2 quokkas
  2 bats (D:1)
  2 frilled lizards
  2 rats
20 creatures vanquished.

Notes
Turn   | Place    | Note
-------+----------+-------------------------------------------
     0 | D:1      | smilodon the Demonspawn Fighter began the quest for the
                  | Orb.
     0 | D:1      | Reached XP level 1. HP: 18/18 MP: 1/1
   208 | D:1      | Discovered your monstrous ancestry.
   208 | D:1      | Gained mutation: Your touch may inflict minor irresistible
                  | damage on your foes. [demonic ancestry]
   208 | D:1      | Reached XP level 2. HP: 16/24 MP: 2/2
   593 | D:1      | Found a faded altar of an unknown god.
  1228 | D:2      | Gained mutation: You have a pair of small antennae on your
                  | head. [demonic ancestry]
  1228 | D:2      | Reached XP level 3. HP: 25/29 MP: 3/3
  1734 | D:3      | Found a runed translucent door.
  1735 | D:3      | Noticed Crazy Yiuf
  1740 | D:3      | Mangled by Crazy Yiuf

Illustrated notes

Levels and vault maps discovered:
D:1:      amcnicky_arrival_gap_in_the_tavern_cellar, layout_rooms,
          nicolae_ecumenical_snake_handling, minmay_tromino_i4
D:2:      layout_loops_ring, serial_bayou_lagoon_a, kennysheep_cross_bottleneck
D:3:      layout_basic, gammafunk_ghost_cemetery, hangedman_feature_mirror,
          minmay_close_crescents, uniq_crazy_yiuf_cottage

Skill      XL: |  1  2 |
---------------+-------+-----
Polearms       | 2 |  2.2
Armour         | 3 |  3.0
Shields        | 3 |  3.0
Fighting       | |  3.3

Action                   || total
-------------------------++-------
Melee: Spear             ||    53
       Trident           ||    12
  Use: Scroll            ||     8
       Potion            ||     4
Armor: Scale mail        ||    28
       Chain mail        ||     3
Dodge: Dodged            ||    24
Block: Buckler           ||    10
